 Dungeon Crawl Stone Soup version 0.25-a0-474-ga8a2ee3166 (webtiles) character file.

Game seed: 12474363785807555974, levelgen mode: deterministic

4 funkygono the Insei (level 1, -1/13 HPs)
             Began as an Octopode Transmuter on Feb 6, 2020.
             Killed from afar by Natasha (10 damage)
             ... with a magic dart
             ... on level 2 of the Dungeon.
             The game lasted 00:01:19 (167 turns).

funkygono the Insei (Octopode Transmuter)            Turns: 167, Time: 00:01:22

Health: -1/13      AC:  1    Str:  9    XL:     1   Next: 70%
Magic:  3/3        EV: 13    Int: 15    God:
Gold:   0          SH:  0    Dex: 12    Spells: 3/4 levels left

rFire    . . .     SeeInvis .     - Unarmed
rCold    . . .     Gourm    .   (no shield)
rNeg     . . .     Faith    .   (helmet restricted)
rPois    .         Spirit   .   (no amulet)
rElec    .         Reflect  .   (no ring)
rCorr    .         Harm     .   (no ring)
MR       .....                  (no ring)
Stlth    ++........             (no ring)
HPRegen  0.04/turn              (no ring)
MPRegen  0.08/turn              (no ring)
                                (no ring)
                                (no ring)

@: no status effects
A: almost no armour, stealthy swim, amphibious, 8 rings, constrict 8, camouflage
1, gelatinous body 1
a: no special abilities


You were on level 2 of the Dungeon.
You were not hungry.

You visited 1 branch of the dungeon, and saw 2 of its levels.

Inventory:

Missiles
 a - 12 arrows
 d - 24 stones (quivered)
Comestibles
 b - 3 chunks of flesh
 c - a ration


   Skills:
 + Level 1.0 Fighting
 + Level 2.1 Dodging
 - Level 3.0 Unarmed Combat
 + Level 2.1 Spellcasting
 + Level 2.1 Transmutations


You had 3 spell levels left.
You knew the following spells:

 Your Spells              Type           Power        Failure   Level  Hunger
a - Beastly Appendage     Tmut           #.....       10%         1    #......

Your spell library contained the following spells:

 Spells                   Type           Power        Failure   Level  Hunger
 Sticks to Snakes         Tmut           #.......     14%         2    ###....
 Spider Form              Tmut/Pois      #.........   41%         3    ###....
 Ice Form                 Ice/Tmut       #.......     82%         4    #####..
 Blade Hands              Tmut           #.........   95%         5    ######.


Dungeon Overview and Level Annotations

Branches:
Dungeon (1/15)

Altars:

Annotations:
D:2 Natasha


Innate Abilities, Weirdness & Mutations

You cannot wear most types of armour.
You are very stealthy in the water. (Stealth+)
You are amphibious.
You can wear up to eight rings at the same time.
You can use your tentacles to constrict eight enemies at once.
Your skin changes colour to match your surroundings (Stealth+).
Your rubbery body absorbs attacks. (AC +1, EV +1)


Message History

You kill the kobold!
Things that are here:
a +0 whip; a kobold corpse The kobold corpse isn't edible.
You open the door.
There is an open door here.
Found a hunting sling.
A rat and Natasha come into view.
Natasha is carrying a wand of flame (23).
Natasha hisses angrily.
Natasha extends her claws.
An adder comes into view.
Natasha claws you.
You tentacle-slap Natasha. You grab Natasha.
Natasha is lightly wounded.
You constrict Natasha.
Natasha stares at you and mumbles some strange words.
The magic dart hits you!
Ouch! That really hurt!
You die...

#.S....##.
+..r.....
#.......#
#......)# #
#.......#.#
.........##
##.........
#..@h......
#..###.###.
#..###.#
#......#
#.######
#.# #.# #.#
#.#


You could see Natasha, an adder (sleeping) and a rat (sleeping).

Vanquished Creatures
  A dart slug (D:2)
  A goblin (D:1)
  A kobold (D:2)
3 creatures vanquished.

Notes
Turn   | Place    | Note
-------+----------+-------------------------------------------
     0 | D:1      | funkygono the Octopode Transmuter began the quest for the
                  | Orb.
     0 | D:1      | Reached XP level 1. HP: 13/13 MP: 3/3
   126 | D:1      | You fall into a shaft and drop 1 floor!
   165 | D:2      | Noticed Natasha
   167 | D:2      | Killed from afar by Natasha

Levels and vault maps discovered:
D:1:      grunt_arrival_crossed_arrows, layout_basic,
          chequers_serial_rivers_room_a, minivault_27
D:2:      layout_basic, dancing_weapons_uskayaw, nicolae_gozag_seed_capital,
          minmay_tripent, uniq_natasha, uniq_jessica

Action                   || total
-------------------------++-------
Melee: Unarmed           ||     5
       Constrict         ||     3
       Tentacles         ||     2
       Kick              ||     1
 Cast: Beastly Appendage ||     1
 Stab: Sleeping          ||     1

Table legend:
 A = Non-vault XP
 B = Vault XP
 C = Vault XP percentage of total XP
 D = Non-vault monster count
 E = Vault monster count
 F = Vault count percentage of total count
                 A         B        C        D         E       F
            +---------+---------+-------+---------+---------+-------
      Total |       7 |       0 |   0.0 |       3 |       0 |   0.0
            +---------+---------+-------+---------+---------+-------
        D:1 |       2 |       0 |   0.0 |       1 |       0 |   0.0
        D:2 |       5 |       0 |   0.0 |       2 |       0 |   0.0
            +---------+---------+-------+---------+---------+-------
